 Dungeon Crawl Stone Soup version 0.21.1-1-g345015f (webtiles) character file.

75 poirepourri the Poker (level 4, -5/35 HPs)
             Began as a Merfolk Gladiator on July 10, 2018.
             Slain by Grinder (6 damage)
             ... while paralysed by Grinder
             ... on level 3 of the Dungeon.
             The game lasted 00:02:34 (1740 turns).

poirepourri the Poker (Merfolk Gladiator)           Turns: 1740, Time: 00:02:35

Health: -5/35      AC:  4    Str: 14    XL:     4   Next: 31%
Magic:  4/4        EV:  2    Int:  7    God:
Gold:   86         SH:  0    Dex: 16    Spells: 3/3 levels left

rFire    . . .     SeeInvis .   a - +0 trident
rCold    . . .     Gourm    .   (no shield)
rNeg     . . .     Faith    .   b - +0 leather armour
rPois    .         Spirit   .   c - +0 helmet
rElec    .         Reflect  .   (no cloak)
rCorr    .         Harm     .   (no gloves)
MR       .....                  (no boots)
Stlth    +.........             (no amulet)
HPRegen  0.11/turn              (no ring)
MPRegen  0.09/turn              (no ring)

@: paralysed, lethally poisoned (-5 -> -10)
A: change form in water, swift swim, stealthy swim
a: no special abilities


You were on level 3 of the Dungeon.
You were not hungry.

You visited 1 branch of the dungeon, and saw 3 of its levels.

You collected 86 gold pieces.

Inventory:

Hand Weapons
 a - a +0 trident (weapon)
Missiles
 d - 3 throwing nets (quivered)
Armour
 b - a +0 leather armour (worn)
 c - a +0 helmet (worn)
Scrolls
 e - 3 scrolls of identify {unknown}
 g - 3 scrolls of enchant weapon {unknown}
 i - a scroll of magic mapping {unknown}
 j - a scroll of fog {unknown}
Potions
 h - a potion of curing {unknown}
 k - a potion of agility {unknown}
 l - a potion of resistance {unknown}
 m - a potion of ambrosia {unknown}
 n - 2 potions of heal wounds {unknown}
 p - a potion of mutation {unknown}
 q - a potion of brilliance {unknown}
Books
 o - a book of Minor Magic

   Spells                             Type                      Level
   a - Magic Dart                     Conjuration                  1
   b - Blink                          Translocation                2
   c - Call Imp                       Summoning                    2
   d - Slow                           Hexes                        2
   e - Conjure Flame                  Conjuration/Fire             3
   f - Mephitic Cloud                 Conjuration/Poison/Air       3
Comestibles
 f - 2 rations


   Skills:
 - Level 3.3 Fighting
 + Level 6.5 Polearms
 - Level 2.0 Throwing
 - Level 4.0 Dodging


You had 3 spell levels left.
You didn't know any spells.

Dungeon Overview and Level Annotations

Branches:
Dungeon (3/15)

Altars:
Cheibriados
Dithmenos
Elyvilon

Annotations:
D:3 Grinder


Message History

You kill the kobold!
You feel sick.
No target in view!
No target in view!
Grinder comes into view.
You feel sick.
Grinder shouts!
You feel sick. Grinder gestures at you.
You suddenly lose the ability to move!
You feel sick. Grinder hits you.
You writhe in agony.
You feel sick. Grinder hits you but does no damage. Grinder gestures at you.
Pain shoots through your body!
* * * LOW HITPOINT WARNING * * *
You feel sick. Grinder hits you!
* * * LOW HITPOINT WARNING * * *
You writhe in agony.
You die...

############# .
............#
..####.###.###.########
....... #.# #.........
#.?.###'###.########
#.5@'_+...##
......)#######..#####
.###... ### #.#....#.#
#<.. #####..###.#.#
..... ..........†#.#
####.. ...........#.#
#.. .##.#.###....# ...
...#.# ##...# #####.
#...#


You could see Grinder.

Vanquished Creatures
  2 adders (D:2)
  2 dart slugs
  3 leopard geckos
  An orc (D:3)
  A ball python (D:3)
  5 bats
  A giant cockroach (D:2)
  4 hobgoblins
  8 jackals (D:2)
  A quokka (D:2)
  A frilled lizard (D:1)
  7 goblins
  7 kobolds
  2 rats
45 creatures vanquished.

Vanquished Creatures (others)
  A goblin (D:2)
  A kobold (D:2)
2 creatures vanquished.

Grand Total: 47 creatures vanquished

Notes
Turn   | Place    | Note
-------+----------+-------------------------------------------
     0 | D:1      | poirepourri the Merfolk Gladiator began the quest for the Orb.
     0 | D:1      | Reached XP level 1. HP: 16/16 MP: 1/1
   118 | D:1      | Reached skill level 5 in Polearms
   178 | D:1      | Reached XP level 2. HP: 21/23 MP: 2/2
   646 | D:2      | Reached XP level 3. HP: 24/29 MP: 3/3
   980 | D:2      | Found a white marble altar of Elyvilon.
  1012 | D:2      | Found a shadowy altar of Dithmenos.
  1244 | D:2      | Reached skill level 6 in Polearms
  1248 | D:2      | Reached XP level 4. HP: 33/35 MP: 4/4
  1726 | D:3      | Found a snail-covered altar of Cheibriados.
  1734 | D:3      | Noticed Grinder
  1735 | D:3      | Paralysed by Grinder for 7 turns
  1740 | D:3      | HP: 1/35 [Grinder (7)]
  1740 | D:3      | Slain by Grinder

Skill      XL: |  1  2  3 |
---------------+----------+-----
Polearms       | 5 6 |  6.5
Fighting       | 3 |  3.3
Throwing       | |  2.0
Dodging        | |  4.0

Action                   |  1- 3 |  4- 6 || total
-------------------------+-------+-------++-------
Melee: Trident           |    95 |    33 ||   128
 Stab: Sleeping          |     1 |       ||     1
  Eat: Ration            |     1 |       ||     1
Armor: Leather armour    |    24 |    14 ||    38
Dodge: Dodged            |    82 |    31 ||   113
